 Dungeon Crawl Stone Soup version 0.28-a0-750-g7c675f85b1 (webtiles) character file.

Game seed: 7356663435312537595

282 ytrimaz the Grave Robber (level 6, -2/41 HPs)
             Began as a Demonspawn Necromancer on Oct 29, 2021.
             Succumbed to a gnoll sergeant's poison
             ... on level 4 of the Dungeon.
             The game lasted 00:06:02 (5508 turns).

ytrimaz the Grave Robber (Demonspawn Necromancer)   Turns: 5508, Time: 00:06:03

Health: -2/41      AC:  6    Str:  8    XL:     6   Next: 6%
Magic:  5/21       EV: 12    Int: 18    God:
Gold:   156        SH:  0    Dex: 14    Spells: 5/13 levels left

rFire   . . .      SeeInvis .   (no weapon)
rCold   . . .      Faith    .   (no shield)
rNeg    . . .      Spirit   .   a - +1 robe
rPois   .          Reflect  .   d - +2 helmet
rElec   .          Harm     .   (no cloak)
rCorr   .          Rampage  .   (no gloves)
Will    +....                   (no boots)
Stlth   ++........              (no amulet)
HPRegen 0.13/turn               b - ring of magical power
MPRegen 0.17/turn               m - ring of willpower

@: lethally poisoned (-2 -> -13), flying
A: ignite blood 1, sturdy frame 1
a: no special abilities


You were on level 4 of the Dungeon.
You visited 1 branch of the dungeon, and saw 4 of its levels.

You collected 156 gold pieces.

Inventory:

Armour
 a - a +1 robe (worn)
 d - a +2 helmet (worn)
Jewellery
 b - a ring of magical power (left hand)
 l - an amulet of faith
 m - a ring of willpower (right hand)
Wands
 h - a wand of charming (10)
Scrolls
 k - 3 scrolls of teleportation
Potions
 c - a potion of haste {unknown}
 e - a potion of heal wounds {unknown}
 f - a potion of flight
 g - a potion of brilliance {unknown}
 i - a potion of curing {unknown}
 j - a potion of resistance {unknown}


   Skills:
 - Level 1.7 Dodging
 - Level 1.7 Stealth
 + Level 4.3 Spellcasting
 + Level 6.5 Necromancy


You had 5 spell levels left.
You knew the following spells:

 Your Spells              Type           Power      Damage    Failure   Level
a - Pain                  Necr           100%       1d9       1%          1
b - Vampiric Draining     Necr           13%        2d7       3%          3
c - Animate Dead          Necr           13%        N/A       10%         4

Your spell library contained the following spells:

 Spells                   Type           Power      Damage    Failure   Level
 Animate Skeleton         Necr           54%        N/A       1%          1
 Passwall                 Tmut/Erth      2%         N/A       22%         2
 Agony                    Necr           27%        N/A       26%         5
 Swiftness                Air            3%         N/A       38%         3
 Invisibility             Hex            1%         N/A       100%        6


Dungeon Overview and Level Annotations

Branches:
Dungeon (4/15)
 Temple: D:4-7

Altars:
Ashenzari
Okawaru
Xom


Innate Abilities, Weirdness & Mutations

Your demonic aura sometimes causes spilled blood to erupt in flames.
Your movements are slightly less encumbered by armour. (ER -2)


Message History

* * * LOW HITPOINT WARNING * * *
You are more poisoned.
Things that are here:
a +0 whip; a +0 club; a gnoll corpse
Casting: Pain (safe; 1% risk of failure)
Confirm with . or Enter, or press ? or * to list all spells.
Aiming: Vampiric Draining (dangerous; 3% risk of failure)
Press: ? - help, Shift-Dir - straight line, f/p - gnoll sergeant
Aim: a gnoll sergeant, wielding a +1 trident of venom, wearing a +0 scale mail and wearing a +0 buckler (heavily wounded)
Okay, then.
Casting: Vampiric Draining (dangerous; 3% risk of failure)
Confirm with . or Enter, or press ? or * to list all spells.
Aiming: Vampiric Draining (dangerous; 3% risk of failure)
Press: ? - help, Shift-Dir - straight line, f/p - gnoll sergeant
Aim: a gnoll sergeant, wielding a +1 trident of venom, wearing a +0 scale mail and wearing a +0 buckler (heavily wounded)
You draw life force from the gnoll sergeant!
You feel life coursing into your body.
* * * LOW HITPOINT WARNING * * *
You feel very sick.
The gnoll sergeant hits you with a +1 trident of venom.
* * * LOW HITPOINT WARNING * * *
Casting: Vampiric Draining (dangerous; 3% risk of failure)
Confirm with . or Enter, or press ? or * to list all spells.
Aiming: Vampiric Draining (dangerous; 3% risk of failure)
Press: ? - help, Shift-Dir - straight line, f/p - gnoll sergeant
Aim: a gnoll sergeant, wielding a +1 trident of venom, wearing a +0 scale mail and wearing a +0 buckler (almost dead)
You draw life force from the gnoll sergeant!
You kill the gnoll sergeant!
You feel life coursing into your body.
* * * LOW HITPOINT WARNING * * *
You feel very sick.
You have reached level 6!
Your experience leads to an increase in your attributes!
Increase (S)trength, (I)ntelligence, or (D)exterity?
You feel clever.
Unknown command.
It was a potion of flight.
You feel very buoyant.
You fly up into the air.
You die...

######....# #......
#####........####
.......
................#
.......
...............##
....... ...............#
...... ...............#
..... ...............##
#... ..>.............##
. .............##.@#
.............###.)......
............# ##.......
............ .......
...........# .......
##........# .......
#..... ....... #####
.......


There were no monsters in sight!

Vanquished Creatures
  A gnoll sergeant (D:4)
  A hound (D:4)
  3 adders
  8 gnolls
  A worm (D:2)
  2 dart slugs
  An orc (D:3)
  6 ball pythons
  5 bats
  8 endoplasms
  2 giant cockroaches
  6 goblins
  8 hobgoblins
  11 jackals
  4 kobolds
  3 quokkas
  A frilled lizard (D:1)
  7 rats
  A butterfly (D:3)
79 creatures vanquished.

Notes
Turn   | Place    | Note
-------+----------+-------------------------------------------
     0 | D:1      | ytrimaz the Demonspawn Necromancer began the quest for the
                  | Orb.
     0 | D:1      | Reached XP level 1. HP: 13/13 MP: 3/3
   347 | D:1      | Gained mutation: Your movements are slightly less
                  | encumbered by armour. (ER -2) [demonic ancestry]
   347 | D:1      | Reached XP level 2. HP: 2/19 MP: 3/5
   945 | D:1      | Reached skill level 5 in Necromancy
  1323 | D:1      | Gained mutation: Your demonic aura sometimes causes spilled
                  | blood to erupt in flames. [demonic ancestry]
  1323 | D:1      | Reached XP level 3. HP: 21/24 MP: 6/6
  1337 | D:1      | Found a faded altar of an unknown god.
  1743 | D:1      | Found an iron altar of Okawaru.
  1774 | D:2      | Learned a level 3 spell: Vampiric Draining
  2669 | D:3      | Found a broken altar of Ashenzari.
  2975 | D:3      | Reached XP level 4. HP: 19/30 MP: 8/8
  3210 | D:3      | Found a shimmering altar of Xom.
  3987 | D:4      | Learned a level 4 spell: Animate Dead
  4097 | D:4      | Reached XP level 5. HP: 19/35 MP: 8/10
  4459 | D:3      | Reached skill level 6 in Necromancy
  5507 | D:4      | HP: 1/35 [poisoned by a gnoll sergeant]
  5508 | D:4      | Reached XP level 6. HP: 1/41 MP: 5/12
  5508 | D:4      | Succumbed to a gnoll sergeant's poison

Illustrated notes

Levels and vault maps discovered:
D:1:      dpeg_arrival_lava_altar, layout_basic,
          dreamdust_ecumenical_altar_statues
D:2:      layout_rooms
D:3:      minmay_inner_zag, layout_basic, xom_butterflies,
          mainiacjoe_overflow_brackets
D:4:      layout_cave_pods, due_unseen_surprise

Skill      XL: |  1  2  3  4  5 |
---------------+----------------+-----
Necromancy     | 5 6 |  6.5
Spellcasting   | 3 4 |  4.3
Dodging        | |  1.7
Stealth        | |  1.7

Action                   |  1- 3 |  4- 6 || total
-------------------------+-------+-------++-------
Melee: Unarmed           |     1 |    11 ||    12
 Cast: Pain              |   101 |    64 ||   165
       Vampiric Draining |       |    14 ||    14
  Use: Scroll            |     3 |     1 ||     4
       Potion            |       |     1 ||     1
Armor: Robe              |     7 |    14 ||    21
Dodge: Dodged            |    17 |    33 ||    50

Table legend: (Time is in decaauts)
 A = Elapsed time spent in this place.
 B = Non-inter-level travel time spent in this place.
 C = Inter-level travel time spent in this place.
 D = Time resting spent in this place.
 E = Time spent auto-exploring this place.
 F = Levels seen in this place.
 G = Mean time per level.
                   A        B        C        D        E       F      G
               +--------+--------+--------+--------+--------+-----+--------+
         Total |   5510 |   5446 |     64 |   2105 |   2824 |   4 | 1377.5 |
       Dungeon |   5510 |   5446 |     64 |   2105 |   2824 |   4 | 1377.5 |
               +--------+--------+--------+--------+--------+-----+--------+

Top non-repeatable levels by time:
     D:3: 2301 daAuts
     D:1: 1754 daAuts
     D:2: 860 daAuts
     D:4: 593 daAuts
